Arrhythmia, chaotic female vampiric Convict --- ---- --..-------|..| --- |....|.|..--..---- ---- ---..| --................| |..| |....-- -..........%(......<| |+.| ---.....| -.............|.|*.-- ---|..---......-- |..........--.-----.| --.--...........| --.........|--- --.| ---oo).)..........- ---.|.....| ---|.%| --.o.ooo.........|.... ----.---- --.--.%.%%.....@o.......--- .... -- |.....| -.......o...............| |...(-| |..........---.--- ...-- |.....| --.......--- . ..-- ----..- ---.....| .| .... ---...- -- ----- ..... --...| ----- Arrhythmia the Jail-bird Experience level: 6 Strength: 17 Dexterity: 12 Constitution: 18 Intelligence: 13 Wisdom: 10 Charisma: 6 Health: 0(53) Energy: 35(35) AC: 8 Gold: 497 Moves: 2101 Your Inventory: Coins $ - 497 gold pieces Armor b - a cursed +0 striped shirt (being worn) p - a cursed +0 pair of hard shoes [iron] (being worn) Scrolls f - an [uncursed] scroll labeled MAPIRO MAHAMA DIROMAT [of identify] g - a [cursed] scroll labeled ELAM EBOW [of teleportation] h - 2 [blessed] scrolls labeled PHOL ENDE WODAN [of enchant weapon] m - an [uncursed] scroll labeled GARVEN DEH [of destroy armor] Potions u - an [uncursed] clear potion [of water] w - an [uncursed] potion of oil Rings k - an [uncursed] bronze ring [of invisibility] Wands s - an [uncursed] wand of create monster [0:10] v - an [uncursed] wand of digging [0:4] y - an [uncursed] wand of striking [0:0] Tools d - an uncursed blindfold j - an [uncursed] looking glass [mirror] o - an [uncursed] stethoscope q - an [uncursed] looking glass [mirror] x - an [uncursed] skeleton key Gems t - an [uncursed] stone called Flintluck [flint] Iron balls c - an [uncursed] heavy iron ball (chained to you) (weapon in hand) Spells known in the end: Name Level Category Fail Memory Your skills at the end: Fighting Skills Weapon Skills sling [Basic / Skilled] Spellcasting Skills Final Attributes: You were piously aligned. Hunger level was 658. Your alignment was 20 / 20. Monster difficulty range was 1 - 6. Level difficulty was 6. You were immune to level-drain. You were immune to sickness. You were punished. You could fly. You could survive without air. You regenerated. Your luck was zero. You are dead. Vanquished creatures: a mountain nymph 3 gnome lords a giant ant 3 dwarves a kobold shaman a dwarf zombie 3 acid blobs a gas spore 4 hobbits 4 manes 2 yellow molds 15 gnomes a gnome zombie a gecko 2 jackals a fox 15 grid bugs 2 kobold zombies 4 newts 65 creatures vanquished. Voluntary challenges: You left the true Path of Zen. You went without food. You never hit with a wielded weapon. You read items or engraved 7 times. You put on armor 2 times. You never genocided any monsters. You never polymorphed an object. You never changed form. You used no wishes. You abstained from Elbereth's help. You never encountered a bones level. You never used any Sokoban shortcuts. Dungeon overview: The Dungeons of Doom: levels 1 to 4 Level 1 a long staircase Level 3 a fountain Level 4 stairs to The Gnomish Mines The Gnomish Mines: levels 5 to 6 Level 5 stairs to The Dungeons of Doom Level 6 <- You were here History has recorded: On T:1 you entered the Dungeons of Doom to retrieve the Amulet of Yendor! On T:24 you advanced to experience level 2. On T:163 you advanced to experience level 3. On T:455 you reached level 2 of The Dungeons of Doom. On T:879 you advanced to experience level 4. On T:978 you reached level 3 of The Dungeons of Doom. On T:1284 you reached level 4 of The Dungeons of Doom. On T:1487 you advanced to experience level 5. On T:1718 you reached level 1 of The Gnomish Mines. On T:1773 you advanced to experience level 6. On T:2010 you reached level 2 of The Gnomish Mines. Latest messages: The poisoned crude arrow hits the Uruk-hai. [HP-19=31] [HP+1=32] You miss the Uruk-hai. You bite the Uruk-hai. You feed on the lifeblood. The Uruk-hai suddenly seems weaker! The Uruk-hai shoots 2 poisoned crude arrows! The 1st poisoned crude arrow misses the Uruk-hai. The 1st poisoned crude arrow hits the Uruk-hai. The 2nd poisoned crude arrow hits the Uruk-hai. The Uruk-hai swings his crude bow. The Uruk-hai hits! [HP-5=27] You miss the Uruk-hai. (2x) [HP+1=28] The Uruk-hai swings his crude bow. The Uruk-hai hits! (3x) [HP-19=9] The Uruk-hai tries to wield a runed dagger. The Uruk-hai's crude bow is welded to her hand! The Uruk-hai hits! (2x) You die... Final status: Goodbye Arrhythmia the Convict... You died in The Gnomish Mines on dungeon level 6 with 2016 points, and 497 pieces of gold, after 2101 moves. You were level 6 with a maximum of 53 hit points when you died.